 Dungeon Crawl Stone Soup version 0.22-a0-294-ge3b9353 (console) character file.

847 yesno the Skirmisher (level 8, 25/100 HPs)
             Began as a Barachi Monk on Mar 25, 2018.
             Quit the game on level 5 of the Dungeon.
             The game lasted 00:15:35 (6250 turns).

yesno the Skirmisher (Barachi Monk)                 Turns: 6250, Time: 00:15:36

Health: 25/100     AC: 24    Str: 14    XL:     8   Next: 1%
Magic:  8/8        EV:  2    Int: 12    God:
Gold:   362        SH:  0    Dex: 14    Spells: 7/7 levels left

rFire    . . .     SeeInvis .   u - +3 quarterstaff (chaos)
rCold    . . .     Gourm    .   (shield currently unavailable)
rNeg     + + +     Faith    .   (armour currently unavailable)
rPois    +         Spirit   .   (helmet currently unavailable)
rElec    .         Reflect  .   (cloak currently unavailable)
rCorr    .         Harm     .   (gloves currently unavailable)
MR       .....     NoTele   +   (boots currently unavailable)
Stlth    ++........             (no amulet)
HPRegen  0.26/turn              (no ring)
MPRegen  0.11/turn              (no ring)

@: tree-form, can't hop, very slightly contaminated, hasted, very quick
A: +LOS, swims, high mp 1, wild magic 1
a: no special abilities


You were on level 5 of the Dungeon.
You were hungry.
You were a tree.
You visited 1 branch of the dungeon, and saw 5 of its levels.

You collected 362 gold pieces.

Inventory:

Hand Weapons
 a - a +0 falchion
 u - a +3 quarterstaff of chaos (weapon)
Armour
 e - a +0 cloak (melded)
 g - a +0 helmet (melded)
 t - a +0 ring mail (melded)
Scrolls
 l - a scroll of enchant armour {unknown}
 n - a scroll of fog {unknown}
 o - a scroll of amnesia {unknown}
 r - a scroll of identify
 s - a scroll of enchant weapon
Potions
 b - a potion of resistance
 q - a potion of mutation
Comestibles
 c - 5 rations


   Skills:
 + Level 7.2 Fighting
 - Level 6.0 Long Blades
 + Level 7.1 Dodging
 - Level 1.7 Stealth


You had 7 spell levels left.
You didn't know any spells.

Dungeon Overview and Level Annotations

Branches:
Dungeon (5/15)             Temple (0/1) D:4

Altars:
Kikubaaqudgha
Makhleb
Qazlal
Sif Muna
Trog
Uskayaw
Xom
Yredelemnul
Zin
The Shining One

Shops:
D:5 ?(

Annotations:
D:3 Edmund


Innate Abilities, Weirdness & Mutations

Shadows flee at your approach. (+LOS)
You can swim through water.
((You cover ground slowly.))
((You can hop short distances.))
You have an increased reservoir of magic. (+10% MP)
Your spells are a little harder to cast, but a little more powerful.


Message History

The orc warrior is healed somewhat.
An orc comes into view. It is wielding a flail.
You now have 25/100 hp.
Press: ? - help, v - describe, . - travel
Here: an orc warrior, wielding a glaive and wearing a chain mail (heavily wounded, poisoned)
The floor.
Okay, then.
Unknown command.
Press < or > to pray at altars.
Okay, then.
As you read the scroll labeled SESOPLIEDD, it crumbles to dust.
It is a scroll of enchant weapon.
Your +2 quarterstaff of chaos glows red for a moment.
The orc shouts!
The orc warrior hits you but does no damage.
You aren't carrying any items that you can evoke.
Okay, then.
Okay, then.
Sorry, you're not good enough to have a special ability.
Are you sure you want to abandon this character and quit the game? (Confirm with "yes".)

···▒▒▒▒▒·▒▒·····▒▒·▒▒▒▒·π·▒
·····▒···▒▒▒···▒▒▒·▒▒ ▒▒·▒▒
·▒▒··▒··············▒ ▒·▒
·▒▒····▒▒▒▒▒≈≈▒▒▒▒▒▒▒ ▒·▒
·▒▒·▒▒▒▒ ▒≈▒▒#▒#▒▒ ▒·▒ ·····▒
▒≈▒≈#≈≈≈▒ ▒·▒ ·····▒
▒▒≈▒≈#·#≈▒▒ ▒·▒ ▒▒···▒
▒▒·≈▒≈···≈Ψ▒ ▒▒·▒▒▒ ▒▒···▒
▒▒···Ξo·Δ·≈▒ ▒▒····▒
·····▒▒▒▒···≈▒≈···≈Ψ▒▒···▒·▒
········o··#≈▒≈···≈▒▒······▒▒
▒····▒▒▒▒···#▒≈≈≈≈≈▒▒·······▒
▒···▒▒ ▒▒··≈▒▒Ψ▒Ψ▒▒▒·▒·▒▒··▒
▒··▒▒ ▒▒·≈≈▒▒▒▒▒ ▒·▒▒▒▒··▒
···▒ ▒▒···▒ ▒·▒▒▒▒··▒ ▒·▒▒
▒▒Ξ▒▒ ▒·▒·····▒ ▒♠▒
▒▒▒▒▒▒▒▒·▒▒▒▒▒▒▒·▒·▒▒▒·▒


You could see an orc warrior and an orc.

Vanquished Creatures
  A sky beast (D:5)
  2 ogres
  A scorpion (D:4)
  A crimson imp (D:5)
  A jelly (D:5)
  3 hounds
  Crazy Yiuf (D:4)
  A centaur skeleton (D:4)
  2 worker ants
  A hound skeleton (D:5)
  Robin (D:2)
  A howler monkey skeleton (D:4)
  9 adders
  4 gnolls
  A shadow imp (D:5)
  An adder skeleton (D:5)
  A worm (D:2)
  3 leopard geckos
  7 orcs (D:5)
  2 ball pythons
  6 giant cockroaches
  10 hobgoblins
  13 jackals
  A quokka (D:5)
  13 bats
  7 frilled lizards
  18 goblins
  4 kobolds
  9 rats
  A fungus (D:4)
126 creatures vanquished.

Vanquished Creatures (others)
  2 plants (D:4)
2 creatures vanquished.

Grand Total: 128 creatures vanquished

Notes
Turn   | Place    | Note
-------+----------+-------------------------------------------
     0 | D:1      | yesno the Barachi Monk began the quest for the Orb.
     0 | D:1      | Reached XP level 1. HP: 18/18 MP: 1/1
   147 | D:1      | Reached XP level 2. HP: 25/25 MP: 2/2
   410 | D:1      | Reached XP level 3. HP: 30/31 MP: 3/3
   599 | D:1      | Found a glowing golden altar of the Shining One.
  2135 | D:2      | Found a shimmering altar of Xom.
  2137 | D:2      | Found a burning altar of Makhleb.
  2162 | D:2      | Reached XP level 4. HP: 38/38 MP: 4/4
  2198 | D:2      | HP: 1/57 [goblin[Robin] (2)]
  2202 | D:2      | Reached skill level 5 in Fighting
  2488 | D:2      | Noticed Robin
  2523 | D:2      | Killed Robin
  2578 | D:2      | Found a faded altar of an unknown god.
  3079 | D:3      | Reached XP level 5. HP: 37/44 MP: 5/5
  3181 | D:3      | Reached skill level 5 in Dodging
  3231 | D:3      | Found an ancient bone altar of Kikubaaqudgha.
  3231 | D:3      | Found a hide-covered altar of Uskayaw.
  3350 | D:2      | Found a shimmering altar of Xom.
  3605 | D:3      | Found a deep blue altar of Sif Muna.
  3606 | D:3      | Found a stormy altar of Qazlal.
  3892 | D:4      | Found a basalt altar of Yredelemnul.
  4065 | D:4      | Noticed Edmund
  4094 | D:4      | Reached XP level 6. HP: 52/52 MP: 6/6
  4327 | D:4      | Found a staircase to the Ecumenical Temple.
  5157 | D:4      | Reached skill level 5 in Long Blades
  5265 | D:4      | Reached XP level 7. HP: 58/58 MP: 7/7
  5352 | D:4      | Found a glowing silver altar of Zin.
  5364 | D:4      | Found a glowing golden altar of the Shining One.
  5496 | D:4      | Found a runed door.
  5500 | D:4      | Noticed Crazy Yiuf
  5502 | D:4      | Gained mutation: You have an increased reservoir of magic. (+10% MP) [potion of mutation]
  5502 | D:4      | Gained mutation: Your spells are a little harder to cast, but a little more powerful. [potion of mutation]
  5505 | D:4      | Killed Crazy Yiuf
  5655 | D:5      | Entered Level 5 of the Dungeon
  5780 | D:5      | Found Biequr Kaig's Weapon Boutique.
  6109 | D:5      | Found Jyuschaf's Magic Scroll Shop.
  6189 | D:5      | Reached XP level 8. HP: 64/67 MP: 8/8
  6201 | D:5      | Found a bloodstained altar of Trog.
  6225 | D:5      | HP: 3/67 [orc warrior/glaive (13)]
  6250 | D:5      | Quit the game

Vault maps used:
D:1:      shiori_shiawase, tso_metal_star
D:2:      lemuel_upstairs_altar, nicolae_overflow_hidden_temple,
          chequers_ecumenical_altar_simple_redux, grunt_decor_arrowhead,
          uniq_robin
D:3:      chequers_temple_overflow_statue_of_worship
D:4:      yredelemnul_altar_generic, minitemple,
          minmay_temple_entry_enclosed_plants, first_ration, uniq_edmund,
          uniq_crazy_yiuf_cottage
D:5:      lightli_temple_of_fire, serial_shops, shop, nicolae_shop_trees,
          st_stairs_3

Skill      XL: |  1  2  3  4  5  6  7 |
---------------+----------------------+-----
Fighting       | 4 5 6 7 |  7.2
Dodging        | 4 5 6 7 |  7.1
Long Blades    | 5 6 |  6.0
Stealth        | |  1.7

Action                   |  1- 3 |  4- 6 |  7- 9 || total
-------------------------+-------+-------+-------++-------
Melee: Falchion          |   110 |   233 |    53 ||   396
       Quarterstaff      |       |       |    63 ||    63
Throw: Throwing net      |       |     1 |       ||     1
 Abil: Hop               |     1 |     2 |     1 ||     4
  Use: Potion            |     1 |     1 |    10 ||    12
       Scroll            |       |     2 |     5 ||     7
 Stab: Sleeping          |     9 |     1 |       ||    10
       Held in net/web   |       |     1 |       ||     1
  Eat: Chunk             |     1 |    10 |     1 ||    12
       Ration            |     1 |       |     1 ||     2
Armor: Robe              |    20 |    35 |       ||    55
       Ring mail         |       |    15 |    14 ||    29
       Skin              |       |       |     1 ||     1
Dodge: Dodged            |    92 |   178 |    48 ||   318
       Rpst.: Falchion   |    28 |    59 |     1 ||    88

Table legend:
 A = Spawn XP
 B = Non-spawn XP
 C = Spawn XP percentage of total XP
 D = Spawn monster count
 E = Non-spawn monster count
 F = Spawn count percentage of total count
 G = Total turns spent on level
                    A         B        C        D         E        F      G
               +---------+---------+-------+---------+---------+-------+---------
         Total |       0 |    1211 |   0.0 |       0 |     125 |   0.0 |  6250
               +---------+---------+-------+---------+---------+-------+---------
           D:1 |       0 |      51 |   0.0 |       0 |      33 |   0.0 |  1021
           D:2 |       0 |     155 |   0.0 |       0 |      39 |   0.0 |  2226
           D:3 |       0 |      65 |   0.0 |       0 |      17 |   0.0 |  1061
           D:4 |       0 |     401 |   0.0 |       0 |      12 |   0.0 |  1347
           D:5 |       0 |     539 |   0.0 |       0 |      24 |   0.0 |   595
               +---------+---------+-------+---------+---------+-------+---------
